 Dungeon Crawl Stone Soup version 0.20.0-10-g0535bb4 (console) character file.

5441 removed the Slicer (level 10, -4/59 HPs)
             Began as a Deep Elf Assassin on June 5, 2017.
             Was the Champion of Okawaru.
             Slain by a death yak (25 damage)
             ... on level 8 of the Dungeon.
             The game lasted 00:32:17 (9330 turns).

removed the Slicer (Deep Elf Assassin)              Turns: 9330, Time: 00:32:18

Health: -4/59      AC:  8    Str:  8    XL:     10   Next: 41%
Magic:  21/23      EV: 12    Int: 26    God:    Okawaru [******]
Gold:   419        SH:  0    Dex: 16    Spells: 12/24 levels left

rFire    + . .     SeeInvis .   a - +1 short sword (elec)
rCold    + . .     Gourm    .   (no shield)
rNeg     . . .     Faith    +   Q - +1 ring mail {MR+}
rPois    .         Spirit   .   (no helmet)
rElec    .         Reflect  .   X - scarf {rC+ rF+}
rCorr    .         Harm     .   l - +1 pair of gloves {archery}
MR       ++...                  (no boots)
Stlth    +++.......             y - amulet of faith
Regen    0.2/turn               v - ring of wizardry
MPRegen  0.2/turn               F - +6 ring of intelligence

@: very slightly contaminated, invisible
A: no striking features
a: Heroism, Finesse, Renounce Religion


You were on level 8 of the Dungeon.
You worshipped Okawaru.
Okawaru was exalted by your worship.
You were not hungry.

You visited 1 branch of the dungeon, and saw 8 of its levels.
You also visited: Ossuary.

You collected 419 gold pieces.

Inventory:

Hand Weapons
 a - a +1 short sword of electrocution (weapon)
 b - a +0 blowgun
 q - a +2 dagger
 L - a +2 whip of venom
 R - a +2 rapier of venom
 Z - a +4 dagger
Missiles
 e - 35 poisoned needles
 f - 2 curare-tipped needles
 w - a throwing net (quivered)
 C - 6 needles of confusion
Armour
 c - a +0 robe
 l - a +1 pair of gloves of archery (worn)
 Q - a +1 ring mail of magic resistance (worn)
 X - a scarf of resistance (worn)
Jewellery
 h - an uncursed amulet of rage
 r - an uncursed ring of resist corrosion
 v - a ring of wizardry (left hand)
 y - an amulet of faith (around neck)
 F - a +6 ring of intelligence (right hand)
 M - an uncursed ring of protection from cold
Wands
 k - a wand of flame (0/48)
 G - a wand of paralysis (0/24)
 K - a wand of paralysis (0/24)
Scrolls
 m - 3 scrolls of remove curse
 o - a scroll of fear {unknown}
 p - 3 scrolls of recharging {unknown}
 t - 5 scrolls of teleportation
 E - a scroll of magic mapping {unknown}
 J - a scroll of amnesia {unknown}
 N - 3 scrolls of enchant weapon {unknown}
 P - a scroll of enchant armour {unknown}
 S - 2 scrolls of fog {unknown}
 V - 2 scrolls of immolation {unknown}
Potions
 n - a potion of berserk rage
 s - 5 potions of might
 u - 4 potions of mutation
 x - 4 potions of magic
 z - 5 potions of curing
 B - 2 potions of agility
 D - 4 potions of flight
 I - a potion of ambrosia {unknown}
 Y - a potion of lignification
Books
 H - a book of Minor Magic

   Spells                             Type                      Level
   a - Magic Dart                     Conjuration                  1
   b - Blink                          Translocation                2
   c - Call Imp                       Summoning                    2
   d - Slow                           Hexes                        2
   e - Conjure Flame                  Conjuration/Fire             3
   f - Mephitic Cloud                 Conjuration/Poison/Air       3
 U - the Almanac of Ice and Changing
   (You found it on level 6 of the Dungeon)

   Spells                             Type                      Level
   a - Freeze                         Ice                          1
   b - Beastly Appendage              Transmutation                1
   c - Ensorcelled Hibernation        Hexes/Ice                    2
   d - Yara's Violent Unravelling     Hexes/Transmutation          5
   e - Blade Hands                    Transmutation                5
   f - Simulacrum                     Ice/Necromancy               6
Comestibles
 g - 5 bread rations
 j - 6 royal jellies
 A - 5 meat rations
 T - 8 fruits
 W - a chunk of flesh


   Skills:
 - Level 5.3 Fighting
 - Level 9.0 Short Blades
 - Level 2.0 Throwing
 - Level 5.4 Dodging
 + Level 6.3 Stealth
 - Level 7.6 Spellcasting
 - Level 1.5 Conjurations
 + Level 8.2 Hexes
 - Level 1.0 Translocations
 + Level 3.3 Ice Magic
 - Level 1.7 Air Magic
 - Level 1.6 Poison Magic


You had 12 spell levels left.
You knew the following spells:

 Your Spells              Type           Power        Failure   Level  Hunger
a - Ensorcelled Hibernat  Hex/Ice        #####.       1%          2    None
f - Conjure Flame         Conj/Fire      ##......     16%         3    None
l - Blink                 Tloc           N/A          7%          2    None
m - Mephitic Cloud        Conj/Pois/Air  ###.....     12%         3    None
s - Slow                  Hex            ######..     1%          2    None


Dungeon Overview and Level Annotations

Branches:
Dungeon (8/15)             Temple (0/1) D:5            Lair (0/6) D:8

Altars:
Dithmenos
Hepliaklqana
Okawaru

Shops:
D:7 %

Annotations:
D:4 Exporg's ghost, amateur FoFi
D:8 Gastronok


Message History

The death yak gores you.
You hit the death yak but do no damage.
Lightning courses through the death yak!
The death yak is lightly wounded.
The hound barely misses you. The hound bites you.
You strike the helpless death yak from behind!
You puncture the death yak!
The death yak is moderately wounded.
The death yak gores you!! The hound bites you but does no damage.
The death yak bellows!
You are too injured to fight recklessly!
You are too injured to fight recklessly!
The hound bites you.
Casting: Slow
Confirm with . or Enter, or press ? or * to list all spells.
Aiming: Ensorcelled Hibernation
Press: ? - help, Shift-Dir - straight line, f - hound
Aim: a hound (chance to defeat MR: 75%)
The hound looks drowsy...
The death yak gores you!!
You die...

######## ########
##############......# #..)....
#............#......# #)[.....
#............#......# #....$..
#............#..Y...# #.......
#............#.Yh...# #....)..
#............#<@....# #.......
#..##.######<#......#####.......
############'###'##....#####....
#...........#....# #....
#.....>.....#....# #....
#...........#.Y..# #....
#...........#....# #....
#...........#....# #..†.
##############....# #....


You could see 2 death yaks and a hound (sleeping).

Vanquished Creatures
  A death yak (D:7)
  Pikel (D:5)
  Eustachio (D:6)
  4 hogs (D:7)
  6 yaks (D:8)
  A human (D:7)
  A hungry ghost (D:7)
  Duvessa (D:7)
  3 ice beasts
  An ogre (D:4)
  3 centaurs
  3 elf zombies (Ossuary)
  A crocodile (D:8)
  A big kobold (D:8)
  2 bullfrogs (D:6)
  Dowan (D:7)
  A scorpion (D:5)
  2 howler monkeys (D:8)
  2 crimson imps
  A bullfrog zombie (D:7)
  3 human zombies (Ossuary)
  A quasit (D:5)
  3 centaur zombies
  5 jellies
  A bullfrog skeleton (D:6)
  4 hounds
  A centaur skeleton (D:7)
  An iguana (D:7)
  An orc wizard (D:8)
  A hell rat (D:8)
  5 worker ants
  A killer bee zombie (D:8)
  2 mummies (Ossuary)
  A worker ant zombie (D:6)
  8 gnolls
  9 adders
  A shadow imp (D:7)
  2 oozes
  2 adder zombies
  An adder skeleton (D:4)
  A worm (D:2)
  2 dart slugs (D:3)
  5 leopard geckos
  8 orcs
  6 giant cockroaches
  6 goblins
  3 hobgoblins
  6 jackals
  A quokka (D:8)
  8 bats
  A frilled lizard (D:2)
  A goblin zombie (Ossuary)
  11 hobgoblin zombies (Ossuary)
  7 kobolds
  8 kobold zombies (Ossuary)
  A leopard gecko zombie (D:6)
  7 orc zombies (Ossuary)
  8 rats
  2 rat zombies (Ossuary)
182 creatures vanquished.

Vanquished Creatures (others)
  A worker ant zombie (D:5)
  4 orcs (D:5)
5 creatures vanquished.

Grand Total: 187 creatures vanquished

Notes
Turn   | Place    | Note
-------+----------+-------------------------------------------
     0 | D:1      | removed the Deep Elf Assassin began the quest for the Orb.
     0 | D:1      | Reached XP level 1. HP: 12/12 MP: 3/3
   225 | D:1      | Reached XP level 2. HP: 15/16 MP: 4/4
   670 | D:2      | Reached skill level 3 in Short Blades
   727 | D:2      | Found an iron altar of Okawaru.
   741 | D:2      | Reached XP level 3. HP: 19/20 MP: 5/5
   753 | D:2      | Became a worshipper of Warmaster Okawaru
   907 | D:2      | Reached skill level 4 in Short Blades
  1265 | D:2      | Reached XP level 4. HP: 25/25 MP: 6/6
  1936 | D:3      | Reached skill level 5 in Short Blades
  2306 | D:4      | Noticed Exporg's ghost (amateur FoFi)
  2433 | D:4      | Reached XP level 5. HP: 27/29 MP: 7/7
  2433 | D:4      | Reached * piety under Okawaru
  2531 | D:4      | Learned a level 2 spell: Blink
  2601 | D:4      | Noticed a centaur
  2607 | D:4      | Killed a centaur
  2607 | D:4      | Reached skill level 6 in Short Blades
  2645 | D:4      | Noticed an ogre
  2661 | D:4      | Killed an ogre
  2661 | D:4      | Reached XP level 6. HP: 34/34 MP: 8/8
  3057 | D:4      | Reached ** piety under Okawaru
  3292 | D:4      | Learned a level 2 spell: Slow
  3341 | D:5      | Entered Level 5 of the Dungeon
  3383 | D:5      | Noticed a slave
  3389 | D:5      | Noticed Pikel
  3390 | D:5      | Noticed a slave
  3394 | D:5      | Noticed a slave
  3394 | D:5      | Noticed a slave
  3399 | D:5      | Killed Pikel
  3399 | D:5      | Reached *** piety under Okawaru
  3399 | D:5      | Reached **** piety under Okawaru
  3399 | D:5      | Reached skill level 5 in Fighting
  3399 | D:5      | Reached XP level 7. HP: 44/44 MP: 9/9
  3440 | D:5      | Found a sand-covered staircase.
  3472 | Ossuary  | Entered an ossuary
  3727 | Ossuary  | Reached skill level 1 in Spellcasting
  3760 | Ossuary  | Reached XP level 8. HP: 40/49 MP: 7/14
  3992 | Ossuary  | Reached skill level 1 in Hexes
  4495 | Ossuary  | Reached ***** piety under Okawaru
  4867 | D:5      | Reached skill level 5 in Dodging
  5064 | D:5      | Found a staircase to the Ecumenical Temple.
  5357 | D:5      | Reached skill level 1 in Translocations
  5578 | D:5      | Learned a level 3 spell: Conjure Flame
  5582 | D:5      | Learned a level 3 spell: Mephitic Cloud
  5665 | D:6      | Reached skill level 1 in Air Magic
  5665 | D:6      | Reached skill level 1 in Poison Magic
  5818 | D:6      | Reached skill level 1 in Conjurations
  6099 | D:6      | Identified the Almanac of Ice and Changing
  6108 | D:6      | Learned a level 2 spell: Ensorcelled Hibernation
  6222 | D:6      | Found a shadowy altar of Dithmenos.
  6228 | D:6      | Noticed Eustachio
  6454 | D:6      | Killed Eustachio
  6454 | D:6      | Reached skill level 5 in Hexes
  6619 | D:6      | Reached XP level 9. HP: 45/54 MP: 14/17
  6944 | D:7      | Noticed Dowan
  6956 | D:7      | Noticed Duvessa
  6959 | D:7      | Killed Duvessa
  6967 | D:7      | Killed Dowan
  7130 | D:7      | Reached skill level 7 in Short Blades
  7362 | D:7      | Received a gift from Okawaru
  7362 | D:7      | Reached skill level 8 in Short Blades
  7400 | D:7      | Found a hazy altar of Hepliaklqana.
  7677 | D:7      | Reached skill level 9 in Short Blades
  7707 | D:7      | Found Holaikel's Food Shoppe.
  7802 | D:7      | Reached skill level 5 in Spellcasting
  7993 | D:8      | Noticed a death yak
  7995 | D:8      | Found a staircase to the Lair.
  8460 | D:7      | Killed a death yak
  8460 | D:7      | Reached XP level 10. HP: 36/59 MP: 19/23
  8668 | D:8      | Noticed a death yak
  8672 | D:8      | Noticed a death yak
  8672 | D:8      | Reached ****** piety under Okawaru
  8763 | D:8      | Reached skill level 5 in Stealth
  8763 | D:8      | Reached skill level 1 in Ice Magic
  9125 | D:8      | Received a gift from Okawaru
  9248 | D:8      | Noticed Gastronok
  9330 | D:8      | Slain by a death yak

Skill      XL: |  1  2  3  4  5  6  7  8  9 10 |
---------------+-------------------------------+-----
Short Blades   | 3 4 5 6 9 |  9.0
Dodging        | 3 5 |  5.4
Fighting       | 5 |  5.3
Spellcasting   | 3 4 7 |  7.6
Hexes          | 5 7 8 |  8.2
Translocations | 1 |  1.0
Air Magic      | 1 |  1.7
Poison Magic   | 1 |  1.6
Conjurations   | 1 |  1.5
Stealth        | 6 |  6.3
Ice Magic      | 3 |  3.3
Throwing       | |  2.0

Action                   |  1- 3 |  4- 6 |  7- 9 | 10-12 || total
-------------------------+-------+-------+-------+-------++-------
Melee: Dagger            |    80 |    66 |   445 |       ||   591
       Short sword       |       |       |    83 |    97 ||   180
 Fire: Blowgun           |    18 |    43 |    54 |       ||   115
 Cast: Slow              |       |       |    46 |     3 ||    49
       Ensorcelled Hiber |       |       |    35 |    13 ||    48
       Blink             |       |       |     3 |       ||     3
Invok: Heroism           |       |       |     2 |     1 ||     3
Evoke: Wand              |       |     6 |     6 |       ||    12
  Use: Potion            |     1 |       |     2 |     1 ||     4
       Scroll            |       |       |    10 |       ||    10
 Stab: Sleeping          |     5 |     4 |    25 |     9 ||    43
       Distracted        |     2 |       |       |       ||     2
       Paralysed         |       |     5 |     2 |       ||     7
       Invisible         |       |       |     1 |     1 ||     2
  Eat: Chunk             |     1 |     6 |     9 |     3 ||    19
       Bread ration      |       |       |     1 |       ||     1
       Meat ration       |       |       |     1 |       ||     1
Armor: Robe              |    20 |    12 |    35 |       ||    67
       Skin              |       |       |    37 |       ||    37
       Ring mail         |       |       |   129 |    19 ||   148
Dodge: Dodged            |    51 |    46 |   359 |    47 ||   503
